 Dungeon Crawl Stone Soup version 0.20-a0-556-g892c87b (webtiles) character file.

252 kae the Slasher (level 5, -1/48 HPs)
             Began as a Minotaur Fighter on Feb 5, 2017.
             Slain by a wight
             ... wielding a +3 war axe
              (9 damage)
             ... on level 3 of the Dungeon.
             The game lasted 00:02:13 (2631 turns).

kae the Slasher (Minotaur Fighter)                  Turns: 2631, Time: 00:02:14

Health: -1/48      AC:  8    Str: 20    XL:     5   Next: 89%
Magic:  4/4        EV:  7    Int:  6    God:
Gold:   107        SH:  8    Dex: 10    Spells: 4/4 levels left

rFire    . . .     SeeInvis .   a - +1 long sword
rCold    . . .     Gourm    .   b - +0 scale mail
rNeg     . . .     Faith    .   c - +0 shield
rPois    .         Spirit   .   (helmet restricted)
rElec    .         Reflect  .   s - +0 cloak
rCorr    .         Harm     .   (no gloves)
MR       .....                  (no boots)
Stlth    ..........             (no amulet)
Regen    0.2/turn               (no ring)
                                (no ring)

@: heavily drained
A: retaliatory headbutt, horns 2
a: no special abilities


You were on level 3 of the Dungeon.
You were not hungry.

You visited 1 branch of the dungeon, and saw 4 of its levels.

You collected 107 gold pieces.

Inventory:

Hand Weapons
 a - a +1 long sword (weapon)
Armour
 b - a +0 scale mail (worn)
 c - a +0 shield (worn)
 s - a +0 cloak (worn)
Wands
 g - a wand of scattershot (4/9)
Scrolls
 e - 4 scrolls of identify
 h - a scroll of enchant armour {unknown}
 i - 3 scrolls of blinking {unknown}
 j - a scroll of magic mapping {unknown}
 l - 3 scrolls of teleportation {unknown}
 m - a scroll of fog {unknown}
 n - 3 scrolls of recharging {unknown}
 p - a scroll of remove curse {unknown}
Potions
 d - a potion of might
 k - 2 potions of heal wounds
 o - a potion of curing {unknown}
 r - a potion of degeneration {unknown}
Comestibles
 f - 2 bread rations


   Skills:
 + Level 5.1(3.6) Fighting
 * Level 5.4(3.9) Long Blades
 + Level 5.0(3.5) Armour
 - Level 3.6(2.1) Shields


You had 4 spell levels left.
You didn't know any spells.

Dungeon Overview and Level Annotations

Branches:
Dungeon (4/15)
 Temple: D:4-7

Altars:
Elyvilon
Kikubaaqudgha
Qazlal
Ru
Trog
Yredelemnul
Zin
The Shining One


Innate Abilities, Weirdness & Mutations

You reflexively headbutt those who attack you in melee.
You have a pair of horns on your head.


Message History

The leopard gecko skeleton bites you but does no damage.
The wight hits you with an enchanted war axe.
You climb upwards.
There is a stone staircase leading down, spattered with blood here.
You closely miss the wight. You block the wight's attack.
You hit the wight but do no damage.
The wight hits you with an enchanted war axe!
You feel drained.
You closely miss the wight. Your headbutt misses the wight.
The wight hits you with an enchanted war axe!
* * * LOW HITPOINT WARNING * * *
You barely miss the wight.
The wight hits you with an enchanted war axe.
* * * LOW HITPOINT WARNING * * *
You feel drained.
* * * LOW HITPOINT WARNING * * *
You hit the wight but do no damage. You headbutt the wight.
The wight is moderately damaged.
The wight hits you with an enchanted war axe!
You die...

#............###
#....P## ###.))
..####.......##
#......####)')..
###....#......#
##...P..#..##).)
###.####......###
##..P.#.#######
....# ###.###...#
######## .#### #...#
###.# #######.###
#.# ###.....# #.##
....###########.@#
##...........###z###
.##.########...[>..#
.....#
####..#.######
.....## ##..)[....#
.##...# ###.#....#
.##.#.#
#####..#....#
.##.#.##
#.....##....#
###.#..#
#.#####.....#


You could see a wight.

Vanquished Creatures
  2 wights
  Crazy Yiuf (D:3)
  Jessica (D:3)
  A hound skeleton (D:3)
  A gnoll (D:1)
  An adder (D:2)
  An ooze (D:2)
  2 worms (D:3)
  4 leopard geckos
  8 orcs (D:3)
  A giant cockroach (D:3)
  4 goblins
  5 hobgoblins
  8 jackals
  4 kobolds
  A quokka (D:2)
  3 ball pythons
  4 bats
  2 frilled lizards (D:1)
  8 rats
62 creatures vanquished.

Notes
Turn   | Place    | Note
-------+----------+-------------------------------------------
     0 | D:1      | kae the Minotaur Fighter began the quest for the Orb.
     0 | D:1      | Reached XP level 1. HP: 19/19 MP: 0/0
   195 | D:1      | Reached XP level 2. HP: 25/27 MP: 1/1
   730 | D:2      | Reached XP level 3. HP: 26/33 MP: 2/2
  1416 | D:3      | Reached XP level 4. HP: 20/40 MP: 3/3
  1940 | D:3      | Found a glowing golden altar of the Shining One.
  1998 | D:3      | Found a runed door.
  2116 | D:3      | Found a basalt altar of Yredelemnul.
  2121 | D:3      | Found a sacrificial altar of Ru.
  2128 | D:3      | Found an ancient bone altar of Kikubaaqudgha.
  2133 | D:3      | Found a white marble altar of Elyvilon.
  2140 | D:3      | Found a bloodstained altar of Trog.
  2145 | D:3      | Found a stormy altar of Qazlal.
  2156 | D:3      | Found a glowing silver altar of Zin.
  2186 | D:3      | Noticed Jessica
  2193 | D:3      | Killed Jessica
  2193 | D:3      | Reached XP level 5. HP: 45/47 MP: 4/4
  2359 | D:3      | Noticed Crazy Yiuf
  2363 | D:3      | Killed Crazy Yiuf
  2417 | D:3      | Reached skill level 5 in Fighting
  2417 | D:3      | Reached skill level 5 in Long Blades
  2417 | D:3      | Reached skill level 5 in Armour
  2631 | D:3      | Slain by a wight

Vault maps used:
D:1:      dpeg_arrival_rooms_a
D:2:      grunt_ministairs_4
D:3:      nicolae_overflow_hidden_temple, nicolae_overflow_crystal_walls,
          grunt_temple_overflow_octagram, first_bread, uniq_jessica,
          uniq_crazy_yiuf_cottage
D:4:      minmay_temple_entry_mist, minivault_26, uniq_natasha, uniq_grinder

Skill      XL: |  1  2  3  4  5 |
---------------+----------------+-----
Long Blades    | 3 4 5 |  5.4
Fighting       | 4 5 |  5.1
Armour         | 4 5 |  5.0
Shields        | |  3.6

Action                   |  1- 3 |  4- 6 || total
-------------------------+-------+-------++-------
Melee: Long sword        |   104 |    84 ||   188
       Headbutt          |     9 |    10 ||    19
  Use: Scroll            |     2 |       ||     2
  Eat: Chunk             |     1 |     5 ||     6
Armor: Scale mail        |    56 |    30 ||    86
Dodge: Dodged            |    29 |    17 ||    46
Block: Shield            |    54 |    35 ||    89
       Rpst.: Long sword |     6 |     8 ||    14
